 Dungeon Crawl Stone Soup version 0.31-a0-1591-g515db51633 (webtiles) character file.

Game seed: 15708099026552778289

768 wildpjah the Chiller (level 7, -9/52 HPs)
             Began as a Merfolk Ice Elementalist on Jan 6, 2024.
             Was a Believer of Sif Muna.
             Killed from afar by Blork the orc (11 damage)
             ... with a puff of frost
             ... on level 5 of the Dungeon.
             The game lasted 00:12:27 (3603 turns).

wildpjah the Chiller (Merfolk Ice Elementalist)     Turns: 3603, Time: 00:12:28

Health: -9/52      AC:  2    Str:  8    XL:     7   Next: 82%
Magic:  1/14       EV: 12    Int: 17    God:    Sif Muna [**....]
Gold:   269        SH:  4    Dex: 14    Spells: 6/16 levels left

rFire   + . .        A - +1 dagger (venom)
rCold   . . .        c - +0 buckler
rNeg    . . .        a - +0 robe
rPois   .            (no helmet)
rElec   .            (no cloak)
rCorr   .            (no gloves)
SInv    .            (no boots)
Will    .....        (no amulet)
Stlth   ++           o - ring of protection from fire
HPRegen 0.28/turn    (no ring)
MPRegen 0.14/turn

%: no passive effects
@: freezing walls
A: (nimble swimmer 2), mertail
a: Renounce Religion, Channel Magic


You were on level 5 of the Dungeon.
You worshipped Sif Muna.
Sif Muna was pleased with you.
You visited 2 branches of the dungeon, and saw 6 of its levels.

You collected 269 gold pieces.

Inventory:

Hand Weapons
 b - a +4 short sword
 n - a +1 hand axe of electrocution
 A - a +1 dagger of venom (weapon)
 B - a +0 falchion
Missiles
 d - 4 darts of dispersal
 q - 6 curare-tipped darts
Armour
 a - a +0 robe (worn)
 c - a +0 buckler (worn)
 w - a +2 leather armour of willpower
Jewellery
 o - a ring of protection from fire (left hand)
Wands
 r - a wand of charming (9)
 z - a wand of polymorph (8)
Scrolls
 e - 2 scrolls of brand weapon {unknown}
 f - a scroll of immolation {unknown}
 h - 4 scrolls of identify {unknown}
 i - a scroll of summoning {unknown}
 j - a scroll of torment {unknown}
 k - a scroll of poison {unknown}
 l - 3 scrolls of enchant weapon {unknown}
 m - a scroll of teleportation {unknown}
 p - a scroll of revelation {unknown}
 y - a scroll of blinking {unknown}
Potions
 g - 4 potions of attraction {unknown}
 s - 2 potions of heal wounds {unknown}
 t - a potion of magic
 u - 2 potions of curing {unknown}
 v - a potion of cancellation {unknown}
 x - a potion of ambrosia {unknown}


   Skills:
 * Level 3.5 Fighting
 + Level 1.3 Short Blades
 + Level 0.1 Throwing
 + Level 3.3 Dodging
 + Level 3.3 Stealth
 + Level 0.5 Shields
 + Level 0.2 Unarmed Combat
 + Level 5.2 Spellcasting
 + Level 6.4 Ice Magic


You had 6 spell levels left.
You knew the following spells:

 Your Spells              Type           Power      Damage    Failure   Level
a - Freeze                Ice            100%       1d10      1%          1
b - Frozen Ramparts       Ice            52%        1d8       4%          3
c - Ozocubu's Armour      Ice            26%        N/A       4%          3
d - Summon Ice Beast      Ice/Summ       15%        N/A       19%         3

Your spell library contained the following spells:

 Spells                   Type           Power      Damage    Failure   Level
 Necrotise                Necr           16%        1d4       22%         1
 Scorch                   Fire           8%         2d5       34%         2
 Vampiric Draining        Necr           4%         2d6       56%         3
 Flame Wave               Conj/Fire      4%         2d5       92%         4
 Martyr's Knell           Necr/Summ      4%         N/A       92%         4
 Curse of Agony           Necr           4%         N/A       99%         5
 Summon Cactus Giant      Summ           2%         N/A       100%        6


Dungeon Overview and Level Annotations

Branches:
Dungeon (5/15)             Temple (1/1) D:4

Altars:
Cheibriados
Dithmenos
Elyvilon
Fedhas
Gozag
Hepliaklqana
Makhleb
Okawaru
Qazlal
Ru
Sif Muna
Uskayaw
Vehumet
Wu Jian
Xom
Yredelemnul
Zin
The Shining One

Annotations:
D:3 3 runed translucent doors, Lahburn's ghost, amateur MiBe
D:5 Blork the orc


Innate Abilities, Weirdness & Mutations

((You are very nimble when in or above water. (Stealth+, EV+, Speed+++)))
Your lower body shifts to a powerful aquatic tail in water.


Message History

The puff of frost hits you!
The phantom completely resists.
The wall freezes the phantom but does no damage.
The phantom hits your ice beast but does no damage.
Your ice beast hits Blork the orc.
Your ice beast freezes Blork the orc.
Your magical contamination has completely faded away.
You hit Blork the orc but do no damage.
Blork the orc is poisoned.
Blork the orc is moderately wounded.
The wall freezes Blork the orc but does no damage.
You block Blork the orc's attack.
The phantom resists.
The wall freezes the phantom.
The phantom hits your ice beast.
Your ice beast barely misses the phantom.
You hit Blork the orc.
Blork the orc is heavily wounded.
The wall freezes Blork the orc but does no damage.
You block Blork the orc's attack.
The phantom completely resists.
The wall freezes the phantom but does no damage.
The phantom hits your ice beast but does no damage.
Your ice beast hits the phantom but does no damage.
You closely miss Blork the orc.
Blork the orc is heavily wounded.
The wall freezes Blork the orc.
Blork the orc barely misses you.
The phantom resists.
The wall freezes the phantom.
The phantom hits your ice beast.
Your ice beast barely misses the phantom.
Unknown command.
You barely miss Blork the orc.
Blork the orc is severely wounded.
The wall freezes Blork the orc.
Blork the orc hits you with a +0 dire flail!
* * * LOW HITPOINT WARNING * * *
The phantom completely resists.
The wall freezes the phantom but does no damage.
The phantom hits your ice beast but does no damage.
Your ice beast misses the phantom.
You hit Blork the orc but do no damage.
Blork the orc looks even sicker.
Blork the orc is severely wounded.
The wall freezes Blork the orc.
Blork the orc gestures at you while chanting.
The puff of frost hits you!
You die...

.? .... ..
..##..$#.##
#..?......#
..........#
........
####.....#
.).......#
......Wo.#
####..#Y@#
#g ##.# #
#[# ##.#
#..# #.##
#.# #.# #.#


You could see Blork the orc (very poisoned), a phantom (ally target) and a
friendly ice beast (summoned).

Vanquished Creatures
  Eustachio (D:4)
  A bullfrog (D:4)
  A scorpion (D:5)
  2 howler monkeys (D:4)
  2 bombardier beetles
  A jelly (D:5)
  A sleepcap (D:4)
  2 iguanas
  2 orc wizards
  Ijyb (D:3)
  Natasha (thrice) (D:4)
  2 adders
  A ribbon worm (D:4)
  5 dart slugs
  4 orcs
  2 endoplasms
  2 giant cockroaches (D:1)
  12 goblins
  9 hobgoblins
  3 jackals (D:4)
  4 quokkas
  12 ball pythons
  3 bats (D:1)
  5 frilled lizards
  3 kobolds
  2 rats
86 creatures vanquished.

Notes
Turn   | Place    | Note
-------+----------+-------------------------------------------
     0 | D:1      | wildpjah the Merfolk Ice Elementalist began the quest for
                  | the Orb.
     0 | D:1      | Reached XP level 1. HP: 13/13 MP: 3/3
    66 | D:1      | Reached XP level 2. HP: 18/19 MP: 3/5
    93 | D:1      | Found a faded altar of an unknown god.
   102 | D:1      | Prayed at the altar of an unknown god.
   102 | D:1      | Became a worshipper of Sif Muna the Loreminder
   102 | D:1      | Reached * piety under Sif Muna
   613 | D:1      | Reached skill level 5 in Ice Magic
   650 | D:1      | Reached XP level 3. HP: 24/24 MP: 6/6
   654 | D:1      | Learned a level 3 spell: Frozen Ramparts
  1033 | D:2      | Found a shimmering blue altar of Sif Muna.
  1532 | D:3      | Found a runed translucent gate.
  1533 | D:3      | Found a runed translucent gate.
  1534 | D:3      | Found a runed translucent gate.
  1602 | D:3      | Noticed Ijyb
  1610 | D:3      | Killed Ijyb
  1611 | D:3      | Reached XP level 4. HP: 31/31 MP: 3/8
  1766 | D:3      | Reached ** piety under Sif Muna
  1979 | D:3      | Noticed Lahburn's ghost (amateur MiBe)
  2143 | D:4      | Found a white marble altar of Elyvilon.
  2184 | D:4      | Noticed a bullfrog
  2193 | D:4      | Killed a bullfrog
  2194 | D:4      | Reached skill level 1 in Fighting
  2194 | D:4      | Reached skill level 1 in Short Blades
  2194 | D:4      | Reached XP level 5. HP: 30/37 MP: 2/9
  2263 | D:4      | Noticed Natasha
  2270 | D:4      | Killed Natasha
  2327 | D:4      | Reached XP level 6. HP: 43/43 MP: 4/11
  2368 | D:4      | Noticed Natasha
  2381 | D:4      | Killed Natasha
  2540 | D:4      | Noticed Natasha
  2626 | D:4      | Noticed Eustachio
  2639 | D:4      | Killed Eustachio
  2640 | D:4      | Reached skill level 6 in Ice Magic
  2640 | D:4      | Reached XP level 7. HP: 47/51 MP: 3/13
  2944 | D:4      | Killed Natasha
  3009 | D:4      | Found a staircase to the Ecumenical Temple.
  3014 | Temple   | Entered the Ecumenical Temple
  3136 | D:4      | Found a sacrificial altar of Ru.
  3142 | D:4      | Found a shimmering altar of Xom.
  3150 | D:4      | Found an iron altar of Okawaru.
  3155 | D:4      | Found a radiant altar of Vehumet.
  3167 | D:4      | Found a shimmering blue altar of Sif Muna.
  3174 | D:4      | Found an ornate altar of the Wu Jian Council.
  3180 | D:4      | Found a burning altar of Makhleb.
  3334 | D:5      | Entered Level 5 of the Dungeon
  3394 | D:5      | Reached skill level 5 in Spellcasting
  3506 | D:5      | Learned a level 3 spell: Ozocubu's Armour
  3510 | D:5      | Learned a level 3 spell: Summon Ice Beast
  3587 | D:5      | Noticed Blork the orc
  3602 | D:5      | HP: 2/52 [Blork the orc/+0 dire flail (16)]
  3603 | D:5      | Killed from afar by Blork the orc

Illustrated notes

Levels and vault maps discovered:
D:1:      minmay_arrival_stone_box, layout_basic,
          dreamdust_ecumenical_altar_hidden_monk_grotto, minmay_tetromino_o2
D:2:      layout_loops_ring, basic_altar, eino_tiny_chamber
D:3:      layout_rooms, gammafunk_ghost_necromancy, uniq_ijyb
D:4:      layout_cave_pools, grunt_temple_overflow_octagram, elyvilon_altar_3,
          minmay_temple_entry_wispy, uniq_eustachio, uniq_natasha
D:5:      layout_loops_ring, amcnicky_altar_gilded, uniq_blork_the_orc
Temple:   nicolae_temple_bog_church

Skill      XL: |  1  2  3  4  5  6  7 |
---------------+----------------------+-----
Ice Magic      | 5 6 |  6.4
Dodging        | 3 |  3.3
Stealth        | 3 |  3.3
Fighting       | 1 2 3 |  3.5
Short Blades   | 1 |  1.3
Spellcasting   | 3 4 5 |  5.2
Throwing       | |  0.1
Shields        | |  0.5
Unarmed Combat | |  0.2

Action                     |  1- 3 |  4- 6 |  7- 9 || total
---------------------------+-------+-------+-------++-------
  Melee: Unarmed           |    11 |     3 |       ||    14
         Short sword       |    31 |    25 |     3 ||    59
         Tailslap          |       |     2 |       ||     2
         Dagger            |       |       |     6 ||     6
  Throw: Dart              |       |     2 |       ||     2
   Cast: Freeze            |    36 |    43 |    28 ||   107
         Frozen Ramparts   |       |     5 |     9 ||    14
         Summon Ice Beast  |       |       |     2 ||     2
  Evoke: Wand              |       |       |     1 ||     1
    Use: Potion            |     1 |       |       ||     1
   Stab: Sleeping          |     4 |     3 |     1 ||     8
 Armour: Robe              |    30 |    18 |     9 ||    57
  Dodge: Dodged            |    39 |    22 |    17 ||    78
  Block: Buckler           |    11 |     8 |     5 ||    24

Table legend: (Time is in decaauts)
 A = Elapsed time spent in this place.
 B = Non-inter-level travel time spent in this place.
 C = Inter-level travel time spent in this place.
 D = Time resting spent in this place.
 E = Time spent auto-exploring this place.
 F = Levels seen in this place.
 G = Mean time per level.
                   A        B        C        D        E       F      G
               +--------+--------+--------+--------+--------+-----+--------+
         Total |   3593 |   3522 |     71 |    213 |   2589 |   6 |  598.8 |
       Dungeon |   3591 |   3520 |     71 |    213 |   2589 |   5 |  718.2 |
        Temple |      1 |      1 |      0 |      0 |      0 |   1 |    1.0 |
               +--------+--------+--------+--------+--------+-----+--------+

Top non-repeatable levels by time:
     D:4: 1138 daAuts
     D:1: 822 daAuts
     D:2: 690 daAuts
     D:3: 671 daAuts
     D:5: 268 daAuts
  Temple: 1 daAuts
